 Dungeon Crawl Stone Soup version 0.27.1-2-g3b301248ec (webtiles) character file.

Game seed: 7385116017099148612

586 ABBCCCDDDD the Skirmisher (level 7, -6/50 HPs)
             Began as an Octopode Abyssal Knight on Sept 28, 2021.
             Was a Believer of Lugonu.
             Succumbed to an adder's poison
             ... on level 6 of the Dungeon.
             The game lasted 00:08:34 (7907 turns).

ABBCCCDDDD the Skirmisher (Octopode Abyssal Knight) Turns: 7907, Time: 00:08:35

Health: -6/50      AC:  1    Str: 10 (12) XL:     7   Next: 37%
Magic:  10/10      EV: 13    Int: 15 (16) God:    Lugonu [**....]
Gold:   212        SH:  0    Dex: 14 (17) Spells: 6/10 levels left

rFire    + . .     SeeInvis .   j - +0 whip (elec)
rCold    + . .     Faith    .   (no shield)
rNeg     . . .     Spirit   .   (helmet restricted)
rPois    .         Reflect  .   (no amulet)
rElec    .         Harm     .   d - ring of protection from cold
rCorr    .         Rampage  .   f - +6 ring of dexterity
Will     .....                  o - ring of protection from fire
Stlth    ++........             (no ring)
HPRegen  0.16/turn              (no ring)
MPRegen  0.12/turn              (no ring)
                                (no ring)
                                (no ring)

@: mighty, lethally poisoned (-6 -> -53)
A: almost no armour, amphibious, 8 rings, camouflage 1, gelatinous body 1,
(nimble swimmer 1), tentacles
a: Renounce Religion, Depart the Abyss, Bend Space


You were on level 6 of the Dungeon.
You worshipped Lugonu.
Lugonu was pleased with you.
You visited 1 branch of the dungeon, and saw 8 of its levels.
You visited the Abyss 1 time.

You collected 212 gold pieces.

Inventory:

Hand Weapons
 a - a +1 falchion
 j - a +0 whip of electrocution (weapon)
 t - the +8 mace of Xuneum {pain, rPois Str+2}
   (You found it on level 7 of the Dungeon)

   In the hands of one skilled in necromantic magic, it inflicts extra damage on
   living creatures.
   Str:       It affects your strength (+2).
   rPois:     It protects you from poison.
Missiles
 e - 3 boomerangs
Jewellery
 d - a ring of protection from cold (left tentacle)
 f - a +6 ring of dexterity (right tentacle)
 o - a ring of protection from fire (on tentacle)
Scrolls
 g - a scroll of magic mapping {unknown}
 i - a scroll of teleportation {unknown}
 l - a scroll of identify
 m - a scroll of immolation {unknown}
 p - a scroll of blinking {unknown}
 q - a scroll of enchant armour {unknown}
 r - 2 scrolls of vulnerability
 u - a scroll of brand weapon {unknown}


   Skills:
 + Level 5.2 Fighting
 - Level 4.5 Long Blades
 + Level 1.0 Maces & Flails
 - Level 2.3 Dodging
 - Level 2.0 Spellcasting
 - Level 0.1 Conjurations
 * Level 3.4 Ice Magic
 - Level 2.0 Invocations


You had 6 spell levels left.
You knew the following spells:

 Your Spells              Type           Power      Damage    Failure   Level
a - Magic Dart            Conj           4%         1d3       22%         1
b - Frozen Ramparts       Ice            22%        1d4       16%         3

Your spell library contained the following spells:

 Spells                   Type           Power      Damage    Failure   Level
 Searing Ray              Conj           2%         3d3       32%         2
 Call Canine Familiar     Summ           1%         N/A       54%         3
 Gell's Gravitas          Tloc           0%         N/A       54%         3
 Portal Projectile        Hex/Tloc       2%         N/A       54%         3
 Teleport Other           Tloc           1%         N/A       54%         3
 Ice Form                 Ice/Tmut       6%         N/A       73%         4
 Summon Ice Beast         Ice/Summ       6%         N/A       73%         4
 Fulminant Prism          Conj/Hex       0%         3d6       91%         4
 Leda's Liquefaction      Hex/Erth       0%         N/A       91%         4
 Dispersal                Tloc           0%         N/A       100%        6


Dungeon Overview and Level Annotations

Branches:
Dungeon (8/15)
 Temple: D:4-7         Lair: D:8-11

Altars:
Kikubaaqudgha
Xom

Shops:
D:2 (

Annotations:
D:7 exclusions: downstairs, orc warrior, 2 orc wizards and steam dragon
D:8 Joseph


Innate Abilities, Weirdness & Mutations

You cannot wear most types of armour.
You are amphibious.
You can wear up to eight rings at the same time.
Your skin changes colour to match your surroundings (Stealth+).
Your rubbery body absorbs attacks. (AC +1, EV +1)
((You are camouflaged near water. (Stealth+)))
You have tentacles for arms and can constrict up to eight enemies at once.


Message History

Unknown command.
It was a potion of brilliance.
You feel clever all of a sudden.
It was a potion of degeneration.
There was something very wrong with that liquid.
You feel weakened.
You feel dopey.
You feel clumsy.
You hear some strange, mumbled words.
A magic dart appears from out of thin air!
The magic dart hits you. The adder bites you.
* * * LOW HITPOINT WARNING * * *
You feel much better. Something hits you.
You are poisoned.
The adder bites you.
You are more poisoned.
The adder poisons you!
It was a potion of invisibility.
You fade into invisibility!
You feel very sick. The adder barely misses you. Something hits you.
You are lethally poisoned!
The sky beast misses you.
You are very lightly contaminated with residual magic.
It was a potion of cancellation.
Your magical effects are unravelling.
You feel magically purged.
Your magical contamination has completely faded away.
You flicker back into view.
You feel less confused.
You feel a little less clever now.
* * * LOW HITPOINT WARNING * * *
You feel very sick. The adder closely misses you. Something hits you.
* * * LOW HITPOINT WARNING * * *
You are more poisoned.
The sky beast closely misses you. The adder bites you.
* * * LOW HITPOINT WARNING * * *
You are more poisoned.
The adder poisons you!
It was a potion of might.
You feel very mighty all of a sudden.
You die...

.). ..........
..##.........
#............
#..........
#........ #.
##......##...
##............
#...Y{S..#.##
##.>.@........
#............#
#...##.....[..#
#.. ..........
... #........##
## #.........#
##.........
###.....#


You could see a sky beast and an adder.

Levels and vault maps discovered:
D:1:      saegor_arrival_simple_a, layout_basic, basic_ecumenical_altar
D:2:      layout_basic, serial_shops, shop, minmay_vboxes
D:3:      layout_loops_corners, overflow_temple_1_default
D:4:      layout_loops_corners, nicolae_gozag_conspicuous_consumption,
          zin_statuary, minmay_temple_entry_trees,
          hangedman_decor_diamond_cutter
D:5:      layout_loops_corners, marbit_many_paths
D:6:      layout_cave_pools
D:7:      layout_basic, uniq_crazy_yiuf_cottage
D:8:      layout_cave_pods, nicolae_overflow_hidden_temple, uniq_joseph

Notes
Turn   | Place    | Note
-------+----------+-------------------------------------------
     0 | Abyss:1  | ABBCCCDDDD the Octopode Abyssal Knight began the quest for
                  | the Orb.
     0 | Abyss:1  | Reached XP level 1. HP: 16/16 MP: 2/2
     8 | Abyss:2  | Found a corrupted altar of Lugonu.
    36 | Abyss:2  | Noticed a tentacled starspawn
    48 | Abyss:2  | Noticed a raiju
    53 | D:1      | Escaped the Abyss
   163 | D:1      | Found a faded altar of an unknown god.
   166 | D:1      | Reached XP level 2. HP: 21/21 MP: 3/3
   216 | D:1      | Learned a level 1 spell: Magic Dart
   326 | D:1      | Reached * piety under Lugonu
   433 | D:1      | Reached XP level 3. HP: 19/26 MP: 4/4
   754 | D:1      | Reached skill level 1 in Spellcasting
  1119 | D:2      | Reached XP level 4. HP: 15/33 MP: 5/5
  1667 | D:2      | Reached ** piety under Lugonu
  1731 | D:2      | Reached skill level 4 in Fighting
  2253 | D:2      | Found Zagiphy's Weapon Emporium.
  2833 | D:3      | Found an ancient bone altar of Kikubaaqudgha.
  3347 | D:3      | Reached XP level 5. HP: 34/37 MP: 6/8
  4211 | D:4      | Learned a level 3 spell: Frozen Ramparts
  4379 | D:4      | You fall into a shaft and drop 2 floors!
  4395 | D:6      | Noticed an orc warrior
  4402 | D:6      | Noticed a black bear
  4403 | D:6      | Noticed a black bear
  4410 | D:5      | Entered Level 5 of the Dungeon
  4600 | D:5      | Found a shimmering altar of Xom.
  4712 | D:5      | Reached XP level 6. HP: 7/44 MP: 9/9
  5004 | D:5      | HP: 2/44 [acid (11)]
  5250 | D:6      | Reached skill level 1 in Ice Magic
  6435 | D:7      | Reached skill level 5 in Fighting
  6509 | D:7      | Noticed an orc warrior
  6638 | D:7      | Reached XP level 7. HP: 50/50 MP: 6/10
  6741 | D:7      | Found a runed translucent door.
  6742 | D:7      | Noticed Crazy Yiuf
  6832 | D:7      | Noticed a steam dragon
  7209 | D:7      | Killed Crazy Yiuf
  7214 | D:7      | Identified the +8 mace of Xuneum {pain, rPois Str+2}
  7262 | D:8      | Noticed Joseph
  7670 | D:8      | Reached skill level 1 in Maces & Flails
  7907 | D:6      | Succumbed to an adder's poison

Table legend: (Time is in decaauts)
 A = Elapsed time spent in this place.
 B = Non-inter-level travel time spent in this place.
 C = Inter-level travel time spent in this place.
 D = Time resting spent in this place.
 E = Time spent auto-exploring this place.
 F = Levels seen in this place.
 G = Mean time per level.
                   A        B        C        D        E       F      G
               +--------+--------+--------+--------+--------+-----+--------+
         Total |   7930 |   7795 |    135 |   2574 |   4105 |  10 |  793.0 |
       Dungeon |   7877 |   7742 |    135 |   2574 |   4097 |   8 |  984.6 |
         Abyss |     52 |     52 |      0 |      0 |      8 |   2 |   26.0 |
               +--------+--------+--------+--------+--------+-----+--------+

Top non-repeatable levels by time:
     D:7: 2045 daAuts
     D:3: 1462 daAuts
     D:2: 1254 daAuts
     D:1: 1200 daAuts
     D:5: 837 daAuts
     D:8: 600 daAuts
     D:4: 424 daAuts
     D:6: 53 daAuts
 Abyss:2: 47 daAuts
 Abyss:1: 5 daAuts

Table legend:
 A = Kills in this place as a percentage of kills in entire the game.
 B = Kills by you in this place as a percentage of kills by you in the entire game.
 C = Kills by friends in this place as a percentage of kills by friends in the entire game.
 D = Other kills in this place as a percentage of other kills in the entire game.
 E = Experience gained in this place as a percentage of experience gained in the entire game.
 F = Experience gained in this place divided by the number of levels of this place that you have seen.
                   A       B       C       D       E      F
               +-------+-------+-------+-------+-------+----------------------
         Total | 100.0 | 100.0 |   N/A |   N/A | 100.0 |  83.8
       Dungeon | 100.0 | 100.0 |   N/A |   N/A | 100.0 | 104.8
               +-------+-------+-------+-------+-------+----------------------

Action                   |  1- 3 |  4- 6 |  7- 9 || total
-------------------------+-------+-------+-------++-------
Melee: Falchion          |    55 |   115 |     3 ||   173
       Tentacles         |    14 |    29 |     3 ||    46
       Constrict         |    15 |    35 |     4 ||    54
       Whip              |       |       |    15 ||    15
 Cast: Frozen Ramparts   |       |     3 |     2 ||     5
Invok: Depart the Abyss  |     1 |       |       ||     1
  Use: Potion            |       |       |     7 ||     7
       Scroll            |       |       |     1 ||     1
 Stab: Sleeping          |     4 |     7 |       ||    11
Armor: Skin              |     8 |     8 |     1 ||    17
Dodge: Dodged            |    38 |    63 |    13 ||   114
       Rpst.: Falchion   |     8 |    22 |     1 ||    31

Vanquished Creatures
  An ice beast (D:8)
  A centaur zombie (D:7)
  3 orc priests
  2 hounds
  Crazy Yiuf (D:7)
  2 centaur skeletons (D:7)
  An iguana (D:7)
  An orc wizard (D:5)
  4 gnolls (D:7)
  2 adders
  A white imp (D:7)
  4 worms
  7 dart slugs
  14 orcs
  8 ball pythons
  5 endoplasms
  5 giant cockroaches
  3 goblins
  2 hobgoblins
  3 jackals (D:1)
  5 kobolds
  6 quokkas
  3 bats
  3 frilled lizards
  A rat (D:1)
88 creatures vanquished.
